 Dungeon Crawl Stone Soup version 0.31-a0-40-g1d5085d191 (webtiles) character file.

Game seed: 14614909116090427220

81 vineage the Poker (level 4, 19/38 HPs)
             Began as a Merfolk Fighter on May 17, 2023.
             Quit the game on level 1 of the Abyss.
             The game lasted 00:02:25 (1316 turns).

vineage the Poker (Merfolk Fighter)                 Turns: 1316, Time: 00:02:25

Health: 19/38      AC:  8    Str: 18    XL:     4   Next: 42%
Magic:  4/4        EV:  7    Int:  7    God:
Gold:   185        SH:  4    Dex: 13    Spells: 3/3 levels left

rFire   . . .        a - +0 trident (drain)
rCold   . . .        c - +0 buckler
rNeg    . . .        e - +0 chain mail
rPois   .            (no helmet)
rElec   .            (no cloak)
rCorr   .            (no gloves)
SInv    .            (no boots)
Will    .....        (no amulet) Stlth
                     (no ring)
HPRegen 0.26/turn    (no ring)
MPRegen 0.09/turn

%: no passive effects
@: no status effects
A: (nimble swimmer 2), mertail
a: no special abilities


You were on level 1 of the Abyss.
You visited 1 branch of the dungeon, and saw 3 of its levels.
You visited the Abyss 1 time.

You collected 185 gold pieces.

Inventory:

Hand Weapons
 a - a +0 trident of draining (weapon)
Armour
 c - a +0 buckler (worn)
 e - a +0 chain mail (worn)
Potions
 b - 2 potions of degeneration
 d - a potion of might
 f - a potion of flight {unknown}
 g - a potion of mutation {unknown}
 h - a potion of brilliance {unknown}
 j - a potion of attraction {unknown}
 k - 2 potions of curing {unknown}
 m - a potion of berserk rage {unknown}


   Skills:
 + Level 4.5 Fighting
 + Level 4.6 Polearms
 - Level 2.1 Armour
 - Level 3.0 Shields


You had 3 spell levels left.
You didn't know any spells.
Your spell library was empty.

Dungeon Overview and Level Annotations

Branches:
Dungeon (3/15)

Altars:

Shops:
D:1 =

Annotations:
D:3 Grinder, Sigmund


Innate Abilities, Weirdness & Mutations

((You are very nimble when in or above water. (Stealth+, EV+, Speed+++)))
Your lower body shifts to a powerful aquatic tail in water.


Message History

b - 2 potions of degeneration The ball python bites you but does no damage.
The ball python grabs you. The ball python constricts you.
The ball python bites you but does no damage.
The ball python constricts you.
You escape the ball python's grasp.
The ball python attacks as you move away!
You block the ball python's attack. The ball python barely misses you.
You closely miss the ball python.
The ball python bites you but does no damage.
You block the ball python's attack.
The ball python bites you but does no damage.
The ball python misses you.
You hit the ball python. You drain the ball python.
You kill the ball python!
You closely miss the ball python.
The ball python bites you but does no damage.
The ball python grabs you. The ball python constricts you. Something hits you.
Space warps horribly around you!!
Ouch! That really hurt!
* * * LOW HITPOINT WARNING * * *
The ball python bites you but does no damage.
The ball python constricts you.
You escape the ball python's grasp.
The orc hits you but does no damage.
The orc throws a stone.
You block the stone. The orc attacks as you move away!
The orc barely misses you. The ball python barely misses you.
The ball python grabs you. The ball python constricts you.
You aren't carrying any scrolls.
You feel very mighty all of a sudden. Something hits you but does no damage.
The ball python loses its grip on you.
You are cast into the Abyss!
This branch contains the abyssal rune of Zot.
Reactivating autopickup.
Found a gateway leading deeper into the Abyss.
A large abomination comes into view.
You feel a little less mighty now.
An efreet comes into view.
It is wielding a +0 scimitar of flaming.
You feel yourself growing ill in the presence of the ancient zyme.
Are you sure you want to abandon this character and quit the game? (Confirm with "yes".)

#...#....#
........§ .
.......# ..
#.....## .
##......#
..... ...x###
. ......#..#
..##.....##.##
..##.....#.#@#
.........##..#
..#..#... #...
##......#.##.
#..#....#. #.
....### .###
## ......##.#
... ....R# ..
. ...○.


You could see an ancient zyme.

Vanquished Creatures
  3 adders (D:2)
  A worm (D:2)
  7 endoplasms
  3 giant cockroaches (D:1)
  5 goblins
  9 hobgoblins
  2 jackals (D:2)
  A quokka (D:1)
  6 ball pythons
  2 bats
  2 frilled lizards
  3 kobolds (D:2)
  6 rats
50 creatures vanquished.

Notes
Turn   | Place    | Note
-------+----------+-------------------------------------------
     0 | D:1      | vineage the Merfolk Fighter began the quest for the Orb.
     0 | D:1      | Reached XP level 1. HP: 18/18 MP: 1/1
    16 | D:1      | Found Acrixes's Jewellery Emporium.
   101 | D:1      | Reached XP level 2. HP: 24/24 MP: 2/2
   275 | D:1      | Reached XP level 3. HP: 30/30 MP: 3/3
   486 | D:2      | Reached XP level 4. HP: 30/38 MP: 4/4
  1208 | D:3      | Noticed Sigmund
  1208 | D:3      | Noticed Grinder
  1262 | Abyss:1  | Cast into level 1 of the Abyss (Sigmund)
  1290 | Abyss:1  | Noticed a large abomination
  1304 | Abyss:1  | Noticed an efreet
  1311 | Abyss:1  | Noticed an ancient zyme
  1316 | Abyss:1  | Quit the game

Illustrated notes

Levels and vault maps discovered:
D:1:      dpeg_arrival_orchard, layout_rooms, serial_shops, shop,
          minmay_misc_feat_chi
D:2:      layout_rooms
D:3:      layout_rooms, makhleb_altar_promises_db,
          chequers_ecumenical_altar_island, uniq_sigmund, uniq_grinder
Abyss:1:  base: D:1, serial_sigils_hangedman_gut

Skill      XL: |  1  2  3 |
---------------+----------+-----
Polearms       | 3 4 |  4.6
Fighting       | 4 |  4.5
Armour         | |  2.1
Shields        | |  3.0

Action                     |  1- 3 |  4- 6 || total
---------------------------+-------+-------++-------
  Melee: Trident           |    74 |    64 ||   138
    Use: Scroll            |       |     7 ||     7
         Potion            |       |     1 ||     1
 Armour: Scale mail        |     2 |       ||     2
         Chain mail        |    25 |    41 ||    66
  Dodge: Dodged            |    16 |    32 ||    48
  Block: Buckler           |    13 |    19 ||    32

Table legend: (Time is in decaauts)
 A = Elapsed time spent in this place.
 B = Non-inter-level travel time spent in this place.
 C = Inter-level travel time spent in this place.
 D = Time resting spent in this place.
 E = Time spent auto-exploring this place.
 F = Levels seen in this place.
 G = Mean time per level.
                   A        B        C        D        E       F      G
               +--------+--------+--------+--------+--------+-----+--------+
         Total |   1335 |   1294 |     41 |     18 |    891 |   4 |  333.8 |
       Dungeon |   1281 |   1240 |     41 |     18 |    891 |   3 |  427.0 |
         Abyss |     53 |     53 |      0 |      0 |      0 |   1 |   53.0 |
               +--------+--------+--------+--------+--------+-----+--------+

Top non-repeatable levels by time:
     D:2: 627 daAuts
     D:1: 416 daAuts
     D:3: 237 daAuts
 Abyss:1: 53 daAuts
